 Dungeon Crawl Stone Soup version 0.30-a0-878-gc727b3d3d6 (webtiles) character file.

Game seed: 2057028089645937788

157 M4edhros the Insei (level 5, -1/33 HPs)
             Began as an Octopode Artificer on Mar 12, 2023.
             Slain by Pikel
             ... wielding a +2 whip of freezing
              (9 damage)
             ... on level 4 of the Dungeon.
             The game lasted 00:01:26 (688 turns).

M4edhros the Insei (Octopode Artificer)              Turns: 688, Time: 00:01:27

Health: -1/33      AC:  1    Str: 11    XL:     5   Next: 38%
Magic:  5/5        EV: 13    Int: 14    God:
Gold:   102        SH:  0    Dex: 14    Spells: 4/4 levels left

rFire   . . .      SeeInvis .      - Unarmed
rCold   . . .      Faith    .    (no shield)
rNeg    . . .      Spirit   .    (helmet restricted)
rPois   .          Reflect  .    (no amulet)
rElec   .          Rampage  .    (no ring)
rCorr   .                        (no ring)
Will    .....                    (no ring)
Stlth   +++                      (no ring)
HPRegen 0.25/turn                (no ring)
MPRegen 0.09/turn                (no ring)
                                 (no ring)
                                 (no ring)

@: no status effects
A: almost no armour, amphibious, 8 rings, camouflage 1, gelatinous body 1,
(nimble swimmer 1), tentacles
a: no special abilities


You were on level 4 of the Dungeon.
You visited 1 branch of the dungeon, and saw 4 of its levels.

You collected 102 gold pieces.

Inventory:

Jewellery
 a - an amulet of magic regeneration
Wands
 b - a wand of flame (9) (quivered)
 c - a wand of charming (8)
 d - a wand of iceblast (4)
Scrolls
 e - 3 scrolls of teleportation {unknown}
 f - 2 scrolls of enchant armour {unknown}
 g - a scroll of magic mapping {unknown}
 h - a scroll of noise {unknown}
 i - a scroll of brand weapon {unknown}


   Skills:
 - Level 1.0 Fighting
 - Level 2.3 Dodging
 - Level 1.3 Stealth
 + Level 4.9 Unarmed Combat
 - Level 3.2 Evocations


You had 4 spell levels left.
You didn't know any spells.
Your spell library contained the following spells:

 Spells                   Type           Power      Damage    Failure   Level
 Lesser Beckoning         Tloc           0%         N/A       41%         2
 Gell's Gravitas          Tloc           0%         N/A       65%         3
 Teleport Other           Tloc           0%         N/A       65%         3


Dungeon Overview and Level Annotations

Branches:
Dungeon (4/15)
 Temple: D:4-7

Altars:

Annotations:
D:4 Pikel


Innate Abilities, Weirdness & Mutations

You cannot wear most types of armour.
You are amphibious.
You can wear up to eight rings at the same time.
Your skin changes colour to match your surroundings (Stealth+).
Your rubbery body absorbs attacks. (AC +1, EV +1)
((You are camouflaged when in or above water. (Stealth+)))
You have tentacles for arms and can constrict up to eight enemies at once.


Message History

Aim: a lemure (chance to affect: 57%)
The lemure resists with significant effort.
The lemure closely misses you.
Aiming: Charm
Press: ? - help, Shift-Dir - straight line, f/p - lemure
Aim: a lemure (chance to affect: 57%)
The lemure resists with significant effort.
The lemure misses you.
Aiming: Charm
Press: ? - help, Shift-Dir - straight line, f/p - lemure
Aim: a lemure (chance to affect: 57%)
The lemure resists with significant effort.
The lemure hits you. The quokka attacks as you move away! The quokka bites you.
You closely miss the quokka. You grab the quokka.
You constrict the quokka, but do no damage.
The quokka bites you.
* * * LOW HITPOINT WARNING * * *
The quokka misses you.
You tentacle-slap the quokka.
The quokka is heavily wounded.
You constrict the quokka. The quokka misses you.
You barely miss the quokka.
The quokka is severely wounded.
You constrict the quokka. The quokka bites you.
* * * LOW HITPOINT WARNING * * *
You barely miss the quokka.
Your tentacle-slap misses the quokka.
The quokka is almost dead.
You constrict the quokka.
You kill the quokka!
Aiming: Charm
Press: ? - help, Shift-Dir - straight line, f/p - lemure
Aim: a lemure (chance to affect: 57%) Pikel resists with significant effort.
Pikel completely misses you.
Aiming: Charm
Press: ? - help, Shift-Dir - straight line, f/p - lemure
Aim: a lemure (chance to affect: 57%) Pikel resists with significant effort.
Pikel hits you with a +2 whip of freezing!
You die...

.............#.# #
#..........#.#
##.#...†.†....#.#
..............#.####
##.#..55......#....
#.##K#.##..#..# ..
#.#.##..#..#
#.####5#.##.....#
#...@K5....>....#####
######....#.###.....#
............)#..
.......#####.#.#
#######.# #.#.. ###
#.#.# ..#.# ####.#
#......


You could see Pikel and 2 lemures.

Vanquished Creatures
  2 orc priests (D:3)
  A hound (D:4)
  Terence (D:2)
  3 adders
  3 dart slugs (D:1)
  2 orcs (D:3)
  A bat (D:3)
  2 endoplasms
  2 hobgoblins (D:4)
  2 kobolds
  A quokka (D:4)
  2 ball pythons
  A frilled lizard (D:2)
  2 rats (D:1)
25 creatures vanquished.

Vanquished Creatures (collateral kills)
  A worm (D:2)
1 creature vanquished.

Grand Total: 26 creatures vanquished

Notes
Turn   | Place    | Note
-------+----------+-------------------------------------------
     0 | D:1      | M4edhros the Octopode Artificer began the quest for the
                  | Orb.
     0 | D:1      | Reached XP level 1. HP: 13/13 MP: 1/1
    80 | D:1      | Reached skill level 1 in Unarmed Combat
   106 | D:1      | Reached XP level 2. HP: 8/18 MP: 2/2
   202 | D:2      | Noticed Terence
   210 | D:2      | Reached skill level 2 in Unarmed Combat
   216 | D:2      | Reached XP level 3. HP: 11/23 MP: 3/3
   226 | D:2      | Killed Terence
   450 | D:3      | Reached skill level 3 in Unarmed Combat
   460 | D:3      | Reached XP level 4. HP: 28/28 MP: 4/4
   461 | D:3      | Reached skill level 4 in Unarmed Combat
   609 | D:4      | Reached XP level 5. HP: 29/33 MP: 5/5
   664 | D:4      | Noticed Pikel
   665 | D:4      | Noticed a lemure
   665 | D:4      | Noticed a lemure
   665 | D:4      | Noticed a lemure
   666 | D:4      | Noticed a lemure
   688 | D:4      | Slain by Pikel

Illustrated notes

Levels and vault maps discovered:
D:1:      dpeg_arrival_simpleton_c, layout_basic, supply_closet_lemuel
D:2:      layout_rooms, serial_shops, shop, chequers_jeans, minivault_5,
          minmay_hedge_maze, uniq_terence
D:3:      layout_basic, amcnicky_altar_gilded, bloody_makhleb, uniq_grinder
D:4:      layout_basic, portal_sewer_entry_b,
          minmay_a_box_with_orc_wizards_in_it, uniq_eustachio, uniq_pikel

Skill      XL: |  1  2  3  4 |
---------------+-------------+-----
Unarmed Combat | 1 2 3 4 |  4.9
Fighting       | |  1.0
Dodging        | |  2.3
Stealth        | |  1.3
Evocations     | |  3.2

Action                     |  1- 3 |  4- 6 || total
---------------------------+-------+-------++-------
  Melee: Unarmed           |    31 |    21 ||    52
         Constrict         |     7 |     6 ||    13
         Tentacles         |     4 |     4 ||     8
         Punch             |       |     1 ||     1
  Evoke: Wand              |     8 |     6 ||    14
   Stab: Sleeping          |     2 |     1 ||     3
 Armour: Skin              |     3 |     1 ||     4
  Dodge: Dodged            |    14 |    18 ||    32

Table legend: (Time is in decaauts)
 A = Elapsed time spent in this place.
 B = Non-inter-level travel time spent in this place.
 C = Inter-level travel time spent in this place.
 D = Time resting spent in this place.
 E = Time spent auto-exploring this place.
 F = Levels seen in this place.
 G = Mean time per level.
                   A        B        C        D        E       F      G
               +--------+--------+--------+--------+--------+-----+--------+
         Total |    684 |    647 |     37 |      0 |    461 |   4 |  171.0 |
       Dungeon |    684 |    647 |     37 |      0 |    461 |   4 |  171.0 |
               +--------+--------+--------+--------+--------+-----+--------+

Top non-repeatable levels by time:
     D:3: 261 daAuts
     D:1: 201 daAuts
     D:4: 125 daAuts
     D:2: 95 daAuts
